 Dungeon Crawl Stone Soup version 0.27-a0-520-gb83adbd1c9 (webtiles) character file.

Game seed: 12803180131986751520

110681 Allula97 the Fighter (level 16, -6/125 HPs)
             Began as a Demonspawn Berserker on Mar 4, 2021.
             Was a High Priest of Trog.
             Killed from afar by an eleionoma (25 damage)
             ... with a spray of wooden splinters
             ... on level 1 of the Swamp.
             The game lasted 01:41:06 (20665 turns).

Allula97 the Fighter (Demonspawn Berserker)        Turns: 20665, Time: 01:41:07

Health: -6/125     AC: 30    Str: 21    XL:     16   Next: 7%
Magic:  16/16      EV: 13    Int: 15    God:    Trog [*****.]
Gold:   2133       SH: 19    Dex: 22    Spells: 15/15 levels left

rFire    . . .     SeeInvis +   g - +4 dagger (distort)
rCold    + + .     Faith    .   T - +1 tower shield {rPois}
rNeg     + . .     Spirit   .   t - +9 chain mail "Mopousm" {rN+ Int+7}
rPois    +         Reflect  .   (helmet unavailable)
rElec    +         Harm     .   Q - +1 cloak "Gimuack" {rElec Int+4}
rCorr    .         Rampage  .   I - +1 pair of gloves {Stlth+}
Will     +++..                  E - +1 pair of boots "Wugufeg" {Int-4 Dex+2 SInv}
Stlth    ++........             p - amulet of regeneration
HPRegen  2.30/turn              d - ring of Okemeoto {rElec rC+ Slay+2 SInv}
MPRegen  0.15/turn              q - ring "Xobacw" {+Blink rC+ Dex+3}

@: lethally poisoned (-6 -> -6), berserk cooldown, regenerating, slowed, very
slow
A: antennae 3, molten scales 1, spiny 1, demonic magic 2
a: Renounce Religion, Evoke Blink, Berserk, Trog's Hand, Brothers in Arms


You were on level 1 of the Swamp.
You worshipped Trog.
Trog was extremely pleased with you.
You visited 6 branches of the dungeon, and saw 22 of its levels.
You also visited: Gauntlet and Volcano.

You collected 2928 gold pieces.
You spent 795 gold pieces at shops.

Inventory:

Hand Weapons
 g - a +4 dagger of distortion (weapon)
 h - a +1 demon blade of draining
 O - a +5 scimitar of freezing
 Z - a +0 demon blade of flaming
Missiles
 u - 5 atropa-tipped darts
 y - 4 throwing nets
 J - 8 curare-tipped darts
Armour
 t - the +9 chain mail "Mopousm" (worn) {rN+ Int+7}
   (You found it in a Gauntlet)

   It affects your intelligence (+7).
   It protects you from negative energy.
 B - a +2 cloak of stealth
 C - the +4 scale mail of Responsibility {rF+ rC+}
   (You bought it in a shop on level 5 of the Dungeon)

   It protects you from fire.
   It protects you from cold.
 E - the +1 pair of boots "Wugufeg" (worn) {Int-4 Dex+2 SInv}
   (You found it on level 10 of the Dungeon)

   It affects your intelligence (-4).
   It affects your dexterity (+2).
   It lets you see invisible.
 H - a +4 plate armour of cold resistance
 I - a +1 pair of gloves of stealth (worn)
 K - a +0 buckler of reflection
 P - the +0 pair of boots of Hubris {rPois}
   (You found it in a Gauntlet)

   It protects you from poison.
 Q - the +1 cloak "Gimuack" (worn) {rElec Int+4}
   (You found it in a Gauntlet)

   It affects your intelligence (+4).
   It insulates you from electricity.
 T - a +1 tower shield of poison resistance (worn)
Jewellery
 b - a ring of resist corrosion
 d - the ring of Okemeoto (left hand) {rElec rC+ Slay+2 SInv}
   (You acquired it on level 6 of the Lair of Beasts)

   [ring of protection from cold]

   It affects your accuracy and damage with ranged weapons and melee attacks
   (+2).
   It protects you from cold.
   It insulates you from electricity.
   It lets you see invisible.
 k - a ring of willpower
 n - a ring of positive energy
 p - an amulet of regeneration (around neck)
 q - the ring "Xobacw" (right hand) {+Blink rC+ Dex+3}
   (You found it on level 11 of the Dungeon)

   [ring of protection from cold]

   It affects your dexterity (+3).
   It protects you from cold.
   It lets you blink.
 D - a +4 ring of evasion
Wands
 f - a wand of charming (13)
 r - a wand of iceblast (33)
 v - a wand of acid (13)
 w - a wand of digging (9)
 A - a wand of mindburst (31)
 F - a wand of paralysis (16)
 Y - a wand of polymorph (23)
Scrolls
 e - 5 scrolls of teleportation
 j - a scroll of identify
 x - a scroll of magic mapping
 V - a scroll of fog
 X - a scroll of fear
Potions
 a - 3 potions of lignification
 c - 4 potions of berserk rage
 i - 4 potions of attraction
 l - a potion of invisibility
 m - 4 potions of resistance
 o - 5 potions of curing
 s - 5 potions of might
 z - a potion of haste
 U - 14 potions of ambrosia
Miscellaneous
 G - a phial of floods
 L - a lightning rod (3/4)


   Skills:
 * Level 11.1 Fighting
 * Level 11.0(11.3) Short Blades
 + Level 4.7(8.5) Long Blades
 * Level 10.7 Armour
 * Level 10.1 Dodging
 * Level 9.2 Stealth
 * Level 10.6 Shields
 * Level 8.1 Evocations


You had 15 spell levels left.
You didn't know any spells.
Your spell library contained the following spells:

 Spells                   Type           Power        Failure   Level
 Animate Skeleton         Necr           0%           100%        1
 Corona                   Hex            0%           100%        1
 Foxfire                  Conj/Fire      0%           100%        1
 Magic Dart               Conj           0%           100%        1
 Pain                     Necr           0%           100%        1
 Shock                    Conj/Air       0%           100%        1
 Blink                    Tloc           N/A          100%        2
 Searing Ray              Conj           0%           100%        2
 Dazzling Flash           Conj/Hex       0%           100%        3
 Vampiric Draining        Necr           0%           100%        3
 Animate Dead             Necr           0%           100%        4
 Fulminant Prism          Conj/Hex       0%           100%        4
 Iskenderun's Mystic Bla  Conj/Tloc      0%           100%        4
 Agony                    Necr           0%           100%        5
 Excruciating Wounds      Necr           0%           100%        5
 Summon Mana Viper        Hex/Summ       0%           100%        5
 Conjure Ball Lightning   Conj/Air       0%           100%        6


Dungeon Overview and Level Annotations

Branches:
Dungeon (11/15)            Temple (1/1) D:7            Lair (6/6) D:11
  Swamp (1/4) Lair:3       Spider (0/4) Lair:2        Slime (1/5) Lair:5
    Orc (2/2) D:9             Elf (0/3) Orc:2       Volcano (visited)
Gauntlet (visited)

Altars:
Ashenzari
Cheibriados
Dithmenos
Elyvilon
Fedhas
Gozag
Hepliaklqana
Kikubaaqudgha
Makhleb
Nemelex Xobeh
Okawaru
Qazlal
Ru
Sif Muna
Trog
Uskayaw
Vehumet
Wu Jian
Xom
Yredelemnul
Zin
The Shining One

Shops:
D:5 [   D:10 [   Orc:2 (**[*

Annotations:
Abyss:1 Maggie; Maurice; Prince Ribbit; Urug; anet's ghost, journeyman HOCj; mastekator's ghost, novice MiFi


Innate Abilities, Weirdness & Mutations

You have a pair of large antennae on your head. (SInv)
You are partially covered in molten scales. (AC +2)
You are partially covered in sharp spines.
Spells you cast may paralyse nearby enemies.


Message History

Trog accepts your kill. The foxfire hits your two-headed ogre!!
You block your two-headed ogre's attack. x2
The eleionoma hurls a spray of splinters at you.
The spray of wooden splinters hits you but does no damage.
The ghost crab breathes spectral mist at you.
The spectral mist engulfs the will-o-the-wisp but does no damage.
The will-o-the-wisp is engulfed in spectral mist.
You closely miss the eleionoma.
The eleionoma is moderately wounded.
You feel sick.
You block your two-headed ogre's attack.
Your two-headed ogre barely misses you.
The swamp worm bites your two-headed ogre!!
Your two-headed ogre dies!
Your two-headed ogre's corpse disappears in a puff of smoke!
The will-o-the-wisp is engulfed in spectral mist.
The will-o-the-wisp gestures.
The will-o-the-wisp conjures some foxfire!
The eleionoma is struck by your spines.
The eleionoma hits you but does no damage. 2 foxfires come into view.
Aiming: Thunderbolt
Press: ? - help, Shift-Dir - straight line, f - ghost crab
Aim: a ghost crab (spectral mist, severely damaged)
The thunderbolt hits the bog body!
The bog body is moderately damaged.
The thunderbolt hits the spectral spriggan berserker.
The spectral spriggan berserker is lightly damaged.
The thunderbolt hits the ghost crab!
The ghost crab is almost destroyed.
You hear a hideous shriek!
The foxfire is engulfed in spectral mist.
The foxfire hits you!!
* * * LOW HITPOINT WARNING * * *
The will-o-the-wisp is engulfed in spectral mist.
You block the bog body's attack.
The eleionoma hurls a spray of splinters at you.
The spray of wooden splinters hits you!!
You die...

♣♣♣♣♣♣♣ ♣♣♣♣♣
♣≈..≈≈♣♣...≈≈
♣
...≈≈...≈≈..
♣♣♣..
♣...≈≈≈.≈≈≈≈
...≈≈
♣≈.w.≈≈...≈≈
..≈≈≈
♣.@v≈≈≈≈...≈
..≈§≈
♣♣Rn§≈≈§....
≈≈≈≈≈≈≈≈≈.
♣♣§v§Z≈§...
≈≈.≈≈≈≈≈≈≈
♣☼§v§☼≈≈..
≈≈..≈≈≈§≈
♣♣Zt°D°≈..
≈..≈≈≈≈≈§
♣°☼≈≈≈≈≈≈
≈.≈≈...♣
≈♣♣♣.≈≈§≈
≈≈≈≈≈..♣♣ .
≈≈≈≈.
≈≈≈≈≈..≈♣ ≈
§§.♣


You could see an eleionoma, a swamp dragon, a ghost crab, a spectral spriggan
berserker (summoned), a spectral fenstrider witch (summoned), 2
will-o-the-wisps, a bog body and a swamp worm.

Vanquished Creatures
  The ghost of Zero the Destroyer, a journeyman HuCj of Vehumet (Lair:5)
  A bunyip (Swamp:1)
  The ghost of Qoihe the Destroyer, a journeyman DrCj of Vehumet (Lair:2)
  A minotaur (Gauntlet)
  An eleionoma (Swamp:1)
  Harold (D:9)
  A yaktaur captain (D:11)
  2 hydras
  2 centaur warriors (D:11)
  A catoblepas (Lair:6)
  2 two-headed ogres (D:8)
  A dancing weapon (Volcano)
  The ghost of dricus the Zephyrmancer, a novice DgAE (Lair:1)
  4 death yaks (Lair:6)
  Sonja (Orc:1)
  A bog body (Swamp:1)
  Pikel (D:4)
  5 wizards (Volcano)
  3 oklob plants
  An orc knight (Orc:2)
  2 manticores (Lair:6)
  4 orc sorcerers
  A cyclops (D:9)
  9 elephants
  3 black mambas
  A smoke demon (Gauntlet)
  4 toenail golems (Volcano)
  Joseph (D:7)
  A hellion (Gauntlet)
  15 cane toads
  9 komodo dragons
  4 rime drakes
  A queen bee (Lair:3)
  A troll (Orc:1)
  2 polar bears
  Grinder (D:5)
  3 slime creatures (Lair:5)
  18 blink frogs
  A spriggan (Swamp:1)
  A tarantella (Lair:2)
  3 wyverns
  Sigmund (D:5)
  29 yaks
  2 wraiths (D:10)
  Eustachio (D:4)
  2 vampire mosquitoes (Swamp:1)
  A warg (Orc:1)
  Edmund (D:5)
  A swamp worm (Swamp:1)
  21 water moccasins
  Duvessa (D:4)
  2 swamp drakes (Swamp:1)
  14 orc warriors
  A sky beast (D:9)
  6 ogres
  An ice beast (D:7)
  A hornet zombie (D:7)
  14 wolves
  An eye of draining (D:11)
  3 black bears
  10 centaurs
  2 kobold brigands
  17 bullfrogs
  A gnoll sergeant (D:9)
  Dowan (D:4)
  2 wyvern skeletons
  23 killer bees (Lair:3)
  14 wights
  2 electric eels (Lair:1)
  6 howler monkeys
  4 crimson imps (Gauntlet)
  A bullfrog zombie (D:5)
  A quasit (D:9)
  4 jellies
  A bullfrog skeleton (D:7)
  A gnoll shaman (D:5)
  6 hounds
  19 orc priests
  Crazy Yiuf (D:6)
  Ijyb (D:5)
  11 worker ants
  4 iguanas
  13 hell rats
  15 orc wizards
  2 hound zombies
  A worker ant zombie (D:9)
  17 adders
  21 gnolls
  9 river rats (Lair:1)
  3 shadow imps
  2 white imps
  An ufetubus (D:7)
  An adder zombie (D:5)
  2 worms
  4 dart slugs
  2 leopard geckos
  69 orcs
  2 ball pythons (D:1)
  4 giant cockroaches
  8 goblins
  3 hobgoblins
  11 jackals
  9 quokkas
  9 bats
  10 frilled lizards
  A jackal skeleton (D:4)
  10 kobolds
  A leopard gecko zombie (D:7)
  A quokka skeleton (D:6)
  17 rats
600 creatures vanquished.

Vanquished Creatures (collateral kills)
  An orc warlord (Orc:2)
  A boulder beetle (D:11)
  An alligator (Swamp:1)
  An orc high priest (Orc:2)
  3 orc knights (Orc:2)
  2 orc sorcerers (Orc:2)
  A troll (Orc:2)
  A warg (Orc:2)
  A swamp worm (Swamp:1)
  An orc warrior (Orc:2)
  An orc wizard (Orc:2)
  3 gnolls (Orc:2)
  4 orcs (Orc:2)
21 creatures vanquished.

Vanquished Creatures (others)
  A komodo dragon (Lair:2)
  A hornet (Swamp:1)
  An orc warrior (Orc:2)
  A hound skeleton (D:9)
  20 demonic plants (Gauntlet)
  11 foxfires (Swamp:1)
  19 fungi
  39 plants
  A withered plant (D:8)
94 creatures vanquished.

Grand Total: 715 creatures vanquished

Notes
Turn   | Place    | Note
-------+----------+-------------------------------------------
     0 | D:1      | Allula97 the Demonspawn Berserker began the quest for the
                  | Orb.
     0 | D:1      | Reached XP level 1. HP: 18/18 MP: 1/1
   225 | D:1      | Gained mutation: You have a pair of small antennae on your
                  | head. [demonic ancestry]
   225 | D:1      | Reached XP level 2. HP: 16/24 MP: 2/2
   929 | D:1      | Gained mutation: You are partially covered in sharp spines.
                  | [demonic ancestry]
   929 | D:1      | Reached XP level 3. HP: 28/29 MP: 3/3
  1289 | D:2      | Reached ** piety under Trog
  1370 | D:2      | Reached skill level 1 in Stealth
  1437 | D:2      | Reached XP level 4. HP: 37/37 MP: 4/4
  1683 | D:2      | Reached skill level 1 in Short Blades
  1925 | D:3      | Reached XP level 5. HP: 39/42 MP: 5/5
  3268 | D:4      | Noticed Eustachio
  3276 | D:4      | Killed Eustachio
  3277 | D:4      | Gained mutation: You are partially covered in molten
                  | scales. (AC +2) [demonic ancestry]
  3277 | D:4      | Reached XP level 6. HP: 49/49 MP: 6/6
  3329 | D:4      | Noticed Pikel
  3350 | D:4      | Killed Pikel
  3351 | D:4      | Gained mutation: Spells you cast may paralyse adjacent
                  | enemies. [demonic ancestry]
  3351 | D:4      | Reached XP level 7. HP: 27/55 MP: 7/7
  3652 | D:4      | Reached skill level 5 in Fighting
  3796 | D:4      | Reached *** piety under Trog
  3825 | D:4      | Noticed Duvessa
  3825 | D:4      | Noticed Dowan
  3833 | D:4      | Killed Duvessa
  3834 | D:4      | Reached XP level 8. HP: 26/62 MP: 8/8
  3836 | D:4      | Killed Dowan
  4509 | D:5      | Entered Level 5 of the Dungeon
  4509 | D:5      | Noticed Sigmund
  4521 | D:5      | Killed Sigmund
  4569 | D:5      | Found Raysece's Antique Armour Emporium.
  4720 | D:5      | Noticed Grinder
  4725 | D:5      | Killed Grinder
  4726 | D:5      | Reached skill level 5 in Short Blades
  4919 | D:5      | Found a shimmering blue altar of Sif Muna.
  4931 | D:5      | Noticed Edmund
  4941 | D:5      | Killed Edmund
  4972 | D:5      | Noticed Ijyb
  4997 | D:5      | Killed Ijyb
  5345 | D:5      | Reached skill level 5 in Dodging
  5345 | D:5      | Reached XP level 9. HP: 69/69 MP: 9/9
  5594 | D:6      | Found a blossoming altar of Fedhas.
  5598 | D:6      | Found a stormy altar of Qazlal.
  5598 | D:6      | Found a shimmering altar of Xom.
  5600 | D:6      | Found an ornate altar of the Wu Jian Council.
  5601 | D:6      | Found an opulent altar of Gozag.
  5701 | D:6      | Reached **** piety under Trog
  6022 | D:6      | Identified the Grimoire of Ghastly Execration
  6241 | D:6      | Found a runed translucent door.
  6242 | D:6      | Noticed Crazy Yiuf
  6249 | D:6      | Killed Crazy Yiuf
  6319 | D:5      | Bought a shimmering scale mail for 216 gold pieces
  6319 | D:5      | Identified the +4 scale mail of Responsibility {rF+ rC+}
                  | (You bought it in a shop on level 5 of the Dungeon)
  6443 | D:7      | Reached skill level 5 in Stealth
  6443 | D:7      | Reached skill level 1 in Evocations
  6490 | D:7      | Noticed Joseph
  6515 | D:7      | Killed Joseph
  6547 | D:7      | Noticed Prince Ribbit
  6553 | D:7      | Banished Prince Ribbit
  6706 | D:7      | Found a staircase to the Ecumenical Temple.
  6752 | Temple   | Entered the Ecumenical Temple
  7059 | D:7      | Reached skill level 5 in Armour
  7072 | D:7      | Found a hazy altar of Hepliaklqana.
  7193 | D:8      | Gained mutation: You have a pair of antennae on your head.
                  | [demonic ancestry]
  7193 | D:8      | Reached XP level 10. HP: 77/77 MP: 10/10
  7352 | D:8      | Noticed a two-headed ogre
  7358 | D:8      | Killed a two-headed ogre
  7400 | D:8      | Reached ***** piety under Trog
  7471 | D:8      | Noticed Maurice
  7650 | D:8      | Noticed a two-headed ogre
  7664 | D:8      | Killed a two-headed ogre
  7717 | D:8      | Found a basalt altar of Yredelemnul.
  7965 | D:8      | Banished Maurice
  8567 | D:5      | Bought a pair of runed gloves for 180 gold pieces
  8688 | D:9      | Found a staircase to the Orcish Mines.
  8733 | D:9      | Noticed a cyclops
  8738 | D:9      | Killed a cyclops
  8836 | D:9      | Reached XP level 11. HP: 85/85 MP: 11/11
  8845 | D:9      | Found a radiant altar of Vehumet.
  8935 | D:9      | Noticed Maggie
  8936 | D:9      | Noticed Harold
  8947 | D:9      | Killed Harold
  8951 | D:9      | Banished Maggie
  9569 | D:10     | Entered Level 10 of the Dungeon
  9729 | D:10     | Identified the +1 pair of boots "Wugufeg" {Int-4 Dex+2
                  | SInv}
  9966 | D:10     | Found Xeodal's Armour Boutique.
 10446 | Orc:1    | Entered Level 1 of the Orcish Mines
 10446 | Orc:1    | Noticed an orc sorcerer
 10456 | Orc:1    | Killed an orc sorcerer
 10688 | Orc:2    | Entered Level 2 of the Orcish Mines
 10720 | Orc:2    | Noticed an orc warlord
 10724 | Orc:2    | Received a gift from Trog
 10798 | Orc:2    | Killed an orc warlord
 10799 | Orc:2    | Reached skill level 1 in Shields
 10808 | Orc:2    | Noticed an orc sorcerer
 10819 | Orc:2    | Killed an orc sorcerer
 11073 | Orc:2    | Found a staircase to the Elven Halls.
 11142 | Orc:2    | Noticed an orc knight
 11183 | Orc:2    | Killed an orc knight
 11197 | Orc:2    | Found Hauguheu's Antique Weapon Boutique.
 11218 | Orc:2    | Noticed an orc sorcerer
 11218 | Orc:2    | Noticed an orc knight
 11219 | Orc:2    | Noticed an orc knight
 11221 | Orc:2    | Noticed an orc sorcerer
 11223 | Orc:2    | Noticed an orc high priest
 11223 | Orc:2    | Noticed an orc high priest
 11223 | Orc:2    | Noticed an orc knight
 11223 | Orc:2    | Noticed an orc high priest
 11279 | Orc:2    | Killed an orc knight
 11281 | Orc:2    | Killed an orc high priest
 11282 | Orc:2    | Reached skill level 5 in Evocations
 11286 | Orc:2    | Killed an orc knight
 11289 | Orc:2    | Killed an orc knight
 11290 | Orc:2    | Reached XP level 12. HP: 52/94 MP: 12/12
 11546 | Orc:2    | Banished an orc high priest
 11561 | Orc:2    | Found Kolaso's Assorted Antiques.
 11561 | Orc:2    | Found Veos's General Store.
 11568 | Orc:2    | Found Qeroavorr's Antique Armour Shoppe.
 11568 | Orc:2    | Found Vusiclua's Assorted Antiques.
 11570 | Orc:2    | Banished an orc high priest
 11578 | Orc:2    | Bought a wand of paralysis (5) for 77 gold pieces
 11583 | Orc:2    | Bought a scroll labelled GIKHUT VACE for 33 gold pieces
 11583 | Orc:2    | Bought a viscous black potion for 29 gold pieces
 11583 | Orc:2    | Bought a wand of paralysis (11) for 66 gold pieces
 11583 | Orc:2    | Bought a blue potion for 29 gold pieces
 11583 | Orc:2    | Bought a tubular wooden ring for 165 gold pieces
 11623 | Orc:1    | Noticed Sonja
 11623 | Orc:1    | Noticed Urug
 11631 | Orc:1    | Killed Sonja
 11635 | Orc:1    | Banished Urug
 11662 | Orc:1    | Paralysed by an orc sorcerer for 3 turns
 12071 | D:11     | Noticed a centaur warrior
 12072 | D:11     | Noticed a boulder beetle
 12087 | D:11     | Killed a centaur warrior
 12100 | D:11     | Killed a boulder beetle
 12123 | D:11     | Noticed a fire dragon
 12124 | D:11     | Noticed a yaktaur captain
 12156 | D:11     | Banished a fire dragon
 12158 | D:11     | Killed a yaktaur captain
 12159 | D:11     | Reached skill level 10 in Short Blades
 12165 | D:11     | Identified Quid's Guide on Burning Attacks
 12168 | D:11     | Identified the ring "Xobacw" {+Blink rC+ Dex+3}
 12210 | D:11     | Noticed a boulder beetle
 12384 | D:11     | Found a gate leading to a gauntlet.
 12393 | Gauntlet | Entered a Gauntlet
 12393 | Gauntlet | Found a transporter.
 12393 | Gauntlet | Found a transporter.
 12397 | Gauntlet | Found a transporter.
 12397 | Gauntlet | Found a transporter.
 12409 | Gauntlet | Found a transporter.
 12413 | Gauntlet | Found a transporter.
 12451 | Gauntlet | Found a transporter.
 12456 | Gauntlet | Identified the +9 chain mail "Mopousm" {rN+ Int+7}
 12465 | Gauntlet | Found a transporter.
 12473 | Gauntlet | Noticed a catoblepas
 12586 | Gauntlet | Identified the +0 pair of boots of Hubris {rPois}
 12606 | Gauntlet | Found a transporter.
 12611 | Gauntlet | Found a transporter.
 12619 | Gauntlet | Found a transporter.
 12621 | Gauntlet | Found a transporter.
 12627 | Gauntlet | Identified the +1 cloak "Gimuack" {rElec Int+4}
 12713 | Gauntlet | Identified the +7 glaive of the Present {speed, rElec
                  | Int+3}
 12713 | Gauntlet | Noticed a minotaur
 12734 | Gauntlet | Killed a minotaur
 12735 | Gauntlet | Reached skill level 5 in Shields
 12735 | Gauntlet | Gained mutation: You have a pair of large antennae on your
                  | head. (SInv) [demonic ancestry]
 12735 | Gauntlet | Reached XP level 13. HP: 93/101 MP: 13/13
 12752 | Gauntlet | Identified the Tome of the Voyage
 13223 | D:11     | Found a staircase to the Lair.
 13584 | Lair:1   | Entered Level 1 of the Lair of Beasts
 13760 | Lair:1   | Received a gift from Trog
 13907 | Lair:1   | Found a runed translucent gate.
 13907 | Lair:1   | Found a runed translucent gate.
 13910 | Lair:1   | Found a runed translucent gate.
 13911 | Lair:1   | Noticed dricus's ghost (novice DgAE)
 13911 | Lair:1   | Noticed mastekator's ghost (novice MiFi)
 13911 | Lair:1   | Noticed anet's ghost (journeyman HOCj)
 13962 | Lair:1   | Banished anet's ghost
 13964 | Lair:1   | Killed dricus's ghost
 13965 | Lair:1   | Banished mastekator's ghost
 13975 | Lair:1   | Identified the +7 quarterstaff "Jethar" {antimagic, rPois
                  | rC+}
 14868 | Lair:2   | Found a transporter.
 14877 | Lair:2   | Found a transporter.
 14879 | Lair:2   | Noticed Qoihe's ghost (journeyman DrCj)
 15341 | Lair:2   | Found a hole to the Spider Nest.
 15790 | Lair:2   | Killed Qoihe's ghost
 16047 | Lair:3   | Found a staircase to the Swamp.
 16213 | Lair:3   | Reached XP level 14. HP: 109/109 MP: 14/14
 16313 | Lair:3   | Reached skill level 10 in Fighting
 17737 | Lair:5   | Found a dark tunnel.
 17753 | Volcano  | Entered a volcano
 17813 | Volcano  | Reached skill level 10 in Armour
 18220 | Lair:5   | Found a staircase to the Slime Pits.
 18383 | Lair:5   | Found a runed translucent door.
 18383 | Lair:5   | Noticed Zero's ghost (journeyman HuCj)
 18430 | Lair:5   | Killed Zero's ghost
 18821 | Lair:5   | Reached XP level 15. HP: 117/117 MP: 15/15
 18876 | Lair:6   | Entered Level 6 of the Lair of Beasts
 19406 | Lair:6   | Reached skill level 10 in Shields
 19421 | Lair:6   | Reached skill level 10 in Dodging
 19953 | Lair:6   | Identified a scroll of acquirement
 19954 | Lair:6   | Acquired the ring of Okemeoto {rElec rC+ Slay+2 SInv}
 20407 | Slime:1  | Entered Level 1 of the Pits of Slime
 20407 | Slime:1  | Noticed an azure jelly
 20500 | Swamp:1  | Entered Level 1 of the Swamp
 20511 | Swamp:1  | Gained mutation: Spells you cast may paralyse nearby
                  | enemies. [demonic ancestry]
 20511 | Swamp:1  | Reached XP level 16. HP: 111/125 MP: 16/16
 20627 | Swamp:1  | Reached ****** piety under Trog
 20665 | Swamp:1  | Killed from afar by an eleionoma

Illustrated notes

Levels and vault maps discovered:
D:1:      dpeg_arrival_orchard, layout_basic
D:2:      layout_rooms
D:3:      layout_basic
D:4:      layout_basic, kennysheep_mini, kennysheep_doodads, uniq_duvessa,
          uniq_pikel, uniq_eustachio
D:5:      minmay_diamond_boxcup, layout_cave_pools, serial_shops, shop,
          minmay_misc_feat_x, led_sif_pool, uniq_sigmund, uniq_grinder,
          uniq_ijyb, uniq_edmund
D:6:      layout_cave_pools, minitemple, uniq_crazy_yiuf_cottage
D:7:      layout_rooms, kennysheep_mini_moat, minmay_temple_entry_stoned_glass,
          uniq_prince_ribbit1, uniq_joseph
D:8:      layout_basic, tso_altar, yredelemnul_altar_generic, uniq_maurice
D:9:      layout_roguey, fiery_altar_vehumet, erik_orc_3,
          minmay_tree_intersection, uniq_maggie, uniq_harold
D:10:     layout_basic, serial_shops, nicolae_shop_statue_plus, st_stairs_2
D:11:     minmay_shrinking_squares, layout_long_grid, lair_entry_dummy,
          gauntlet_entry_generic, lemuel_flamethrower_2
Temple:   minmay_temple_curvy_loop
Lair:1:   lemuel_ratsnest, layout_loops_ring, gammafunk_ghost_cemetery,
          serial_bayou_lagoon_b
Lair:2:   layout_layer_cave, spider_nest_entry_rubble, nzn_ghost_randoct,
          beast_lair_carwin_1, grunt_megastairs_3, infiniplex_staircase_pool_2,
          minmay_lair_oklob_chamber
Lair:3:   layout_roguey [special_room_bee], swamp_mist_pool, st_stairs_6
Lair:4:   layout_gridlike
Lair:5:   layout_regular_city, minmay_slime_entry_pillars,
          gammafunk_ghost_grave, enter_volcano_1
Lair:6:   evilmike_catoblepas_cave, layout_small_grid
Swamp:1:  layout_basic_swamp, evilmike_swamp_ruin_house_2
Slime:1:  layout_caves
Orc:1:    layout_caves, uniq_sonja, uniq_urug
Orc:2:    grunt_orc_tribal_feast, layout_caves, serial_shops, shop,
          statue_in_the_mist_lemuel

Skill      XL: |  1  2  3  4  5  6  7  8  9 10 11 12 13 14 15 16 |
---------------+-------------------------------------------------+-----
Long Blades    | 3 4 |  4.7
Dodging        | 2 3 4 5 6 7 8 9 10 | 10.1
Armour         | 2 3 5 6 7 8 9 10 | 10.7
Stealth        | 1 2 3 4 5 6 7 8 9 |  9.2
Short Blades   | 1 2 3 4 5 7 8 9 10 11 | 11.0
Fighting       | 4 5 6 7 8 9 10 11 | 11.1
Evocations     | 2 3 5 6 7 8 |  8.1
Shields        | 1 5 8 9 10 | 10.6

Action                   |  1- 3 |  4- 6 |  7- 9 | 10-12 | 13-15 | 16-18 || total
-------------------------+-------+-------+-------+-------+-------+-------++-------
Melee: Falchion          |    26 |       |       |       |       |       ||    26
       Dagger            |    43 |    93 |   269 |   744 |  1181 |    64 ||  2394
Invok: Berserk           |     3 |     5 |    13 |    22 |    14 |     2 ||    59
       Trog's Hand       |       |     2 |     5 |    14 |     3 |     1 ||    25
       Brothers in Arms  |       |       |       |     6 |       |     2 ||     8
Evoke: Wand              |       |       |       |     1 |     1 |       ||     2
       Lightning rod     |       |       |       |       |     4 |     1 ||     5
  Use: Scroll            |       |     6 |     5 |    11 |    10 |     1 ||    33
       Potion            |       |       |     2 |     8 |     9 |     1 ||    20
 Stab: Sleeping          |       |     2 |     2 |     6 |     5 |       ||    15
       Distracted        |       |       |       |       |     1 |       ||     1
       Petrified         |       |       |       |       |     2 |       ||     2
Armor: Animal skin       |    13 |     4 |       |       |       |       ||    17
       Leather armour    |       |       |    27 |       |       |       ||    27
       Scale mail        |       |       |    40 |   290 |    28 |       ||   358
       Chain mail        |       |       |       |    54 |   501 |    77 ||   632
Dodge: Dodged            |    45 |    40 |   145 |   357 |   346 |    71 ||  1004
Block: Kite shield       |       |       |       |   148 |       |       ||   148
       Tower shield      |       |       |       |       |  1067 |   119 ||  1186
       Rpst.: Falchion   |     7 |       |       |       |       |       ||     7

Table legend: (Time is in decaauts)
 A = Elapsed time spent in this place.
 B = Non-inter-level travel time spent in this place.
 C = Inter-level travel time spent in this place.
 D = Time resting spent in this place.
 E = Time spent auto-exploring this place.
 F = Levels seen in this place.
 G = Mean time per level.
                   A        B        C        D        E       F      G
               +--------+--------+--------+--------+--------+-----+--------+
         Total |  20629 |  18739 |   1890 |    389 |  11633 |  24 |  859.5 |
       Dungeon |  11521 |  10482 |   1039 |    313 |   7248 |  11 | 1047.4 |
        Temple |    226 |    204 |     22 |      0 |    203 |   1 |  226.0 |
          Lair |   6562 |   6077 |    485 |     19 |   3742 |   6 | 1093.7 |
         Swamp |    168 |    144 |     24 |      3 |     16 |   1 |  168.0 |
    Slime Pits |      4 |      4 |      0 |      0 |      0 |   1 |    4.0 |
  Orcish Mines |   1464 |   1145 |    319 |      8 |    423 |   2 |  732.0 |
       Volcano |    254 |    254 |      0 |      0 |      0 |   1 |  254.0 |
      Gauntlet |    427 |    427 |      0 |     46 |      0 |   1 |  427.0 |
               +--------+--------+--------+--------+--------+-----+--------+

Top non-repeatable levels by time:
     D:4: 1489 daAuts
  Lair:6: 1454 daAuts
     D:8: 1359 daAuts
  Lair:2: 1300 daAuts
     D:1: 1283 daAuts
     D:3: 1229 daAuts
    D:11: 1131 daAuts
  Lair:1: 1096 daAuts
  Lair:3: 1065 daAuts
     D:5: 1055 daAuts
     D:9: 1025 daAuts
     D:6: 956 daAuts
   Orc:2: 951 daAuts
  Lair:5: 946 daAuts
    D:10: 823 daAuts
